 Dungeon Crawl Stone Soup version 0.20-a0-535-gc09f9e6 (webtiles) character file.

51 Kaname the Vexing (level 3, -3/24 HPs)
             Began as a Demonspawn Enchanter on Jan 27, 2017.
             Slain by a goblin
             ... wielding a +0 club
             ... led by Robin
              (5 damage)
             ... on level 2 of the Dungeon.
             The game lasted 00:04:26 (2041 turns).

Kaname the Vexing (Demonspawn Enchanter)            Turns: 2041, Time: 00:04:27

Health: -3/24      AC:  2    Str:  8    XL:     3   Next: 58%
Magic:  6/6        EV: 12    Int: 22    God:
Gold:   148        SH:  0    Dex: 13    Spells: 0/6 levels left

rFire    . . .     SeeInvis .   a - +1 dagger
rCold    . . .     Gourm    .   b - +0 robe
rNeg     . . .     Faith    .   (no shield)
rPois    .         Spirit   .   (no helmet)
rElec    .         Reflect  .   (no cloak)
rCorr    .         Harm     .   (no gloves)
MR       .....                  (no boots)
Stlth    ++........             (no amulet)
Regen    0.1/turn               (no ring)
                                (no ring)

@: brilliant, very slightly contaminated, invisible
A: powered by pain 1
a: no special abilities


You were on level 2 of the Dungeon.
You were not hungry.

You visited 1 branch of the dungeon, and saw 2 of its levels.

You collected 148 gold pieces.

Inventory:

Hand Weapons
 a - a +1 dagger (weapon)
Missiles
 i - 5 tomahawks (quivered)
Armour
 b - a +0 robe (worn)
Scrolls
 e - a scroll of remove curse {unknown}
 g - 2 scrolls of identify {unknown}
 h - a scroll of magic mapping {unknown}
 l - a scroll of fear {unknown}
 n - 2 scrolls of enchant armour {unknown}
 o - a scroll of blinking {unknown}
Books
 c - a book of Maledictions

   Spells                             Type                      Level
   a - Corona                         Hexes                        1
   b - Ensorcelled Hibernation        Hexes/Ice                    2
   c - Confuse                        Hexes                        3
   d - Tukima's Dance                 Hexes                        3
   e - Dazzling Spray                 Conjuration/Hexes            3
Comestibles
 d - 2 bread rations
 f - 2 fruits


   Skills:
 - Level 2.0 Short Blades
 - Level 1.7 Dodging
 - Level 3.0 Stealth
 - Level 2.0 Spellcasting
 + Level 3.8 Hexes


You couldn't memorise any spells.
You knew the following spells:

 Your Spells              Type           Power        Failure   Level  Hunger
a - Corona                Hex            ####...      1%          1    #......
b - Ensorcelled Hibernat  Hex/Ice        ###...       1%          2    ##.....
c - Confuse               Hex            ####....     1%          3    ###....


Dungeon Overview and Level Annotations

Branches:
Dungeon (2/15)

Altars:

Annotations:
D:2 Robin


Innate Abilities, Weirdness & Mutations

You sometimes gain a little power by taking damage.


Message History

You kill the goblin!
The hobgoblin misses you. Robin throws the goblin at you!
* * * LOW HITPOINT WARNING * * *
Items here: ( ))) †† It was a potion of brilliance.
You feel clever all of a sudden. The goblin hits you with a club.
* * * LOW HITPOINT WARNING * * *
The hobgoblin closely misses you.
It was a potion of invisibility.
You fade into invisibility!
The goblin closely misses you. The hobgoblin barely misses you.
You are very lightly contaminated with residual magic.
The hobgoblin no longer looks unusually strong.
The goblin barely misses you.
You closely miss the goblin.
The hobgoblin no longer looks unusually strong.
The hobgoblin closely misses you. The goblin hits you with a club.
You die...

#..# #..# #..# #..
#†# #g# # #g#
################g#
.......#.......g@#
#.####.#.#########
#....#.#.#
#.##.#.#.#
.###.#.#.######
................
####.###########
#......# ######.#


You could see Robin, 2 hobgoblins and a goblin.

Vanquished Creatures
  An ooze (D:1)
  2 dart slugs (D:1)
  A leopard gecko (D:1)
  3 giant cockroaches (D:1)
  6 goblins
  3 hobgoblins (D:1)
  6 jackals (D:1)
  5 bats
  A frilled lizard (D:1)
  A jackal skeleton (D:1)
  6 kobolds
  2 rats (D:1)
37 creatures vanquished.

Notes
Turn   | Place    | Note
-------+----------+-------------------------------------------
     0 | D:1      | Kaname the Demonspawn Enchanter began the quest for the Orb.
     0 | D:1      | Reached XP level 1. HP: 13/13 MP: 3/3
     4 | D:1      | Reached skill level 1 in Short Blades
   516 | D:1      | Gained mutation: You sometimes gain a little power by taking damage. [demonic ancestry]
   516 | D:1      | Reached XP level 2. HP: 9/19 MP: 5/5
   520 | D:1      | Learned a level 2 spell: Ensorcelled Hibernation
  1366 | D:1      | Reached XP level 3. HP: 23/24 MP: 6/6
  1371 | D:1      | Learned a level 3 spell: Confuse
  2023 | D:2      | Noticed Robin
  2041 | D:2      | Slain by a goblin

Vault maps used:
D:1:      dpeg_arrival_erosion
D:2:      uniq_robin, uniq_terence

Skill      XL: |  1  2 |
---------------+-------+-----
Short Blades   | 1 2 |  2.0
Stealth        | 3 |  3.0
Dodging        | |  1.7
Spellcasting   | |  2.0
Hexes          | |  3.8

Action                   || total
-------------------------++-------
Melee: Dagger            ||   164
 Cast: Corona            ||     7
       Ensorcelled Hiber ||     3
  Use: Potion            ||     2
 Stab: Sleeping          ||     7
  Eat: Chunk             ||     4
Armor: Robe              ||    38
Dodge: Dodged            ||   105
